 Dungeon Crawl Stone Soup version 0.22-a0-443-g17c3723 (webtiles) character file.

280 wazuzu the Sneak (level 6, -1/28 HPs)
             Began as a Vine Stalker Enchanter on May 31, 2018.
             Killed from afar by Crazy Yiuf (6 damage)
             ... with a wand of flame (14)
             ... on level 3 of the Dungeon.
             The game lasted 00:08:10 (3106 turns).

wazuzu the Sneak (Vine Stalker Enchanter)           Turns: 3106, Time: 00:08:11

Health: -1/28      AC:  9    Str: 12    XL:     6   Next: 27%
Magic:  0/10       EV: 10    Int: 13    God:
Gold:   205        SH:  0    Dex: 15    Spells: 8/9 levels left

rFire    . . .     SeeInvis .   a - +1 dagger
rCold    . . .     Gourm    .   (no shield)
rNeg     . . .     Faith    .   w - +0 ring mail
rPois    .         Spirit   +   i - +0 helmet
rElec    .         Reflect  .   h - +0 cloak
rCorr    .         Harm     .   s - +0 pair of gloves
MR       .....                  e - +0 pair of boots
Stlth    +++.......             (no amulet)
HPRegen  0.49/turn              f - -2 ring of intelligence (curse)
MPRegen  0.12/turn              (no ring)

@: lethally poisoned (-1 -> -1)
A: fangs 2, regeneration 1, magic shield, antimagic bite, no potion heal 3, rot
immunity
a: no special abilities


You were on level 3 of the Dungeon.
You were not hungry.

You visited 1 branch of the dungeon, and saw 3 of its levels.
You also visited: Sewer.

You collected 205 gold pieces.

Inventory:

Hand Weapons
 a - a +1 dagger (weapon)
Missiles
 g - 128 stones (quivered)
Armour
 e - a +0 pair of boots (worn)
 h - a +0 cloak (worn)
 i - a +0 helmet (worn)
 s - a +0 pair of gloves (worn)
 w - a +0 ring mail (worn)
Jewellery
 b - an uncursed amulet of guardian spirit {unknown}
 f - a cursed -2 ring of intelligence (left hand)
Scrolls
 c - a scroll of remove curse {unknown}
 m - 5 scrolls of teleportation
 t - 4 scrolls of identify
Potions
 j - 2 potions of might
 k - a potion of heal wounds {unknown}
 l - a potion of agility {unknown}
 n - a potion of mutation {unknown}
 o - 3 potions of flight
 p - a potion of berserk rage {unknown}
 q - a potion of brilliance
 r - a potion of invisibility {unknown}
 u - a potion of haste {unknown}
Comestibles
 d - 8 rations
 v - a chunk of flesh


   Skills:
 + Level 3.1 Short Blades
 * Level 0.1 Armour
 - Level 1.5 Dodging
 * Level 7.5 Stealth
 - Level 2.1 Spellcasting
 - Level 3.0 Hexes


You had 8 spell levels left.
You knew the following spells:

 Your Spells              Type           Power        Failure   Level  Hunger
a - Corona                Hex            #......      17%         1    ##.....

Your spell library contained the following spells:

 Spells                   Type           Power        Failure   Level  Hunger
 Confuse                  Hex            #.......     45%         3    ####...
 Tukima's Dance           Hex            #.......     45%         3    ####...
 Confusing Touch          Hex            #.....       17%         1    ##.....
 Ensorcelled Hibernation  Hex/Ice        #.....       43%         2    ###....
 Metabolic Englaciation   Hex/Ice        #.........   100%        5    ######.
 Petrify                  Tmut/Erth      #.......     99%         4    #####..
 Dazzling Spray           Conj/Hex       #.....       67%         3    ####...
 Gell's Gravitas          Tloc           #.........   86%         3    ####...
 Yara's Violent Unravell  Hex/Tmut       #.........   100%        5    ######.


Dungeon Overview and Level Annotations

Branches:
Dungeon (3/15)

Altars:
Ashenzari
Okawaru
Qazlal
Xom
Yredelemnul

Annotations:
D:3 Crazy Yiuf


Innate Abilities, Weirdness & Mutations

You have extremely sharp teeth.
Your natural rate of healing is unusually fast.
When hurt, damage is shared between your health and your magic reserves.
Your bite disrupts and absorbs the magic of your enemies.
Potions cannot restore your health.
You are immune to rotting.


Message History

You hit Crazy Yiuf but do no damage. You bite Crazy Yiuf. You drain his power.
You feel invigorated.
Crazy Yiuf is heavily wounded.
You feel sick.
Crazy Yiuf zaps a wand.
The puff of flame hits you!
It is a wand of flame (17).
You hit Crazy Yiuf.
Crazy Yiuf is severely wounded.
Crazy Yiuf hits you with a quarterstaff of chaos.
You feel your power leaking away.
You hit Crazy Yiuf but do no damage.
Crazy Yiuf is severely wounded.
Crazy Yiuf zaps a wand.
The puff of flame hits you!
* * * LOW HITPOINT WARNING * * *
You feel sick.
Crazy Yiuf zaps a wand.
The puff of flame hits you!
There is an open door here.
Crazy Yiuf zaps a wand.
The puff of flame hits you!
* * * LOW HITPOINT WARNING * * *
You aren't carrying any items that you can evoke.
You feel sick.
Crazy Yiuf zaps a wand.
The puff of flame hits you!
You die...

*#.###....# #
####*##...# #
##8##*#...# #####
* 8...8*#...#
#)..# *
.....##...# #.g.#
....._#...# #...#
.....##...# ##'##
8...8*#...# ♣.♣♣
....,*#...# ♣♣@♣
!...,8#...# ♣.♣♣
....,*#...# ♣♣.♣
8...8*#...# ♣♣.♣♣
##>#**#.### ♣♣PP.♣
#######.### ♣PP♣.♣
*#..).[..(# #....#
########.####....#
#........##


You could see Crazy Yiuf.

Vanquished Creatures
  A hound (D:2)
  Jessica (D:2)
  Natasha (twice) (D:2)
  3 adders
  A gnoll (D:1)
  3 oozes (Sewer)
  7 worms
  2 dart slugs
  2 leopard geckos (Sewer)
  6 orcs (D:3)
  5 giant cockroaches
  4 goblins
  8 hobgoblins
  10 jackals
  4 kobolds
  3 quokkas
  4 ball pythons
  13 bats
  7 frilled lizards
  15 rats
  A fungus (D:3)
102 creatures vanquished.

Notes
Turn   | Place    | Note
-------+----------+-------------------------------------------
     0 | D:1      | wazuzu the Vine Stalker Enchanter began the quest for the Orb.
     0 | D:1      | Reached XP level 1. HP: 9/9 MP: 4/4
   102 | D:1      | Reached skill level 1 in Short Blades
   115 | D:1      | Reached skill level 4 in Stealth
   294 | D:1      | Reached XP level 2. HP: 13/13 MP: 6/6
   449 | D:1      | Reached XP level 3. HP: 16/16 MP: 5/7
   877 | D:2      | Reached skill level 5 in Stealth
   888 | D:2      | Noticed Jessica
   894 | D:2      | Killed Jessica
   894 | D:2      | Gained mutation: Your natural rate of healing is unusually fast. [Vine Stalker growth]
   894 | D:2      | Reached XP level 4. HP: 16/21 MP: 6/8
  1004 | D:2      | Noticed Natasha
  1007 | D:2      | Killed Natasha
  1044 | D:2      | Found a shattered altar of Ashenzari.
  1046 | D:2      | Noticed Natasha
  1165 | D:2      | Killed Natasha
  1165 | D:2      | Reached skill level 6 in Stealth
  1165 | D:2      | Reached XP level 5. HP: 5/24 MP: 3/9
  1451 | D:2      | Found a basalt altar of Yredelemnul.
  1908 | D:3      | Reached skill level 7 in Stealth
  1963 | D:3      | Found a glowing drain.
  1990 | Sewer    | Entered a sewer
  2042 | Sewer    | Reached XP level 6. HP: 28/28 MP: 8/10
  2815 | D:3      | Found a stormy altar of Qazlal.
  2970 | D:3      | Found an iron altar of Okawaru.
  2971 | D:3      | Found a shimmering altar of Xom.
  3090 | D:3      | Found a runed door.
  3094 | D:3      | Noticed Crazy Yiuf
  3106 | D:3      | Killed from afar by Crazy Yiuf

Vault maps used:
D:1:      dpeg_arrival_ratfight
D:2:      lemuel_coloured_pillars_altar, ashenzari_conservatory_becter,
          serial_bayou, uniq_natasha, uniq_jessica
D:3:      overflow_temple_1_default, nicolae_overflow_hidden_temple,
          portal_sewer_entry_a, uniq_crazy_yiuf_cottage
Sewer:    sewer_fruit_machine

Skill      XL: |  1  2  3  4  5 |
---------------+----------------+-----
Short Blades   | 1 2 3 |  3.1
Stealth        | 4 5 6 7 |  7.5
Armour         | |  0.1
Dodging        | |  1.5
Spellcasting   | |  2.1
Hexes          | |  3.0

Action                   |  1- 3 |  4- 6 || total
-------------------------+-------+-------++-------
Melee: Dagger            |    65 |   330 ||   395
       Bite              |     8 |    88 ||    96
  Use: Scroll            |     1 |     6 ||     7
       Potion            |       |     2 ||     2
 Stab: Sleeping          |     4 |    18 ||    22
  Eat: Chunk             |       |     8 ||     8
Armor: Robe              |     8 |    71 ||    79
       Ring mail         |       |     2 ||     2
Dodge: Dodged            |    48 |   201 ||   249

Table legend:
 A = Spawn XP
 B = Non-spawn XP
 C = Spawn XP percentage of total XP
 D = Spawn monster count
 E = Non-spawn monster count
 F = Spawn count percentage of total count
 G = Total turns spent on level
                    A         B        C        D         E        F      G
               +---------+---------+-------+---------+---------+-------+---------
         Total |       0 |     401 |   0.0 |       0 |     101 |   0.0 |  3106
               +---------+---------+-------+---------+---------+-------+---------
           D:1 |       0 |      47 |   0.0 |       0 |      23 |   0.0 |   845
           D:2 |       0 |     228 |   0.0 |       0 |      31 |   0.0 |   982
           D:3 |       0 |      57 |   0.0 |       0 |      23 |   0.0 |   555
         Sewer |       0 |      69 |   0.0 |       0 |      24 |   0.0 |   724
               +---------+---------+-------+---------+---------+-------+---------
